 Dungeon Crawl Stone Soup version 0.28.0-53-g5a82cb258f (webtiles) character file.

Game seed: 6847279261025365297

541 buhh the Insei (level 7, -1/45 HPs)
             Began as an Octopode Transmuter on June 16, 2022.
             Slain by a human zombie (5 damage)
             ... in an ossuary.
             The game lasted 00:08:22 (4269 turns).

buhh the Insei (Octopode Transmuter)                Turns: 4269, Time: 00:08:22

Health: -1/45      AC:  1    Str:  9    XL:     7   Next: 26%
Magic:  7/10       EV: 13    Int: 18    God:
Gold:   175        SH:  0    Dex: 12    Spells: 4/10 levels left

rFire   . . .      SeeInvis .     - Unarmed
rCold   + . .      Faith    .   (no shield)
rNeg    . . .      Spirit   .   (helmet currently unavailable)
rPois   .          Reflect  .   (no amulet)
rElec   .          Harm     .   a - ring of protection from cold
rCorr   .          Rampage  .   (no ring)
Will    .....                   (no ring)
Stlth   +++.......              (no ring)
HPRegen 0.15/turn               (no ring)
MPRegen 0.12/turn               (no ring)
                                (no ring)
                                (no ring)

@: appendages, wereblooded (expiring)
A: tentacle spike 3, almost no armour, amphibious, 8 rings, camouflage 1,
gelatinous body 1, (nimble swimmer 1), tentacles
a: End Transformation


You were in an ossuary.
One of your tentacles had grown a beastly spike.
You visited 1 branch of the dungeon, and saw 4 of its levels.
You also visited: Ossuary.

You collected 199 gold pieces.
You spent 24 gold pieces at shops.

Inventory:

Jewellery
 a - a ring of protection from cold (left tentacle)
Scrolls
 e - a scroll of enchant weapon {unknown}
 f - a scroll of enchant armour {unknown}
 h - a scroll of magic mapping {unknown}
 i - a scroll of amnesia {unknown}
Potions
 c - a potion of curing {unknown}
 d - a potion of mutation {unknown}
 L - a potion of resistance {!q!d}


   Skills:
 - Level 2.0 Fighting
 - Level 2.0 Dodging
 - Level 1.0 Stealth
 - Level 6.0 Unarmed Combat
 - Level 2.0 Spellcasting
 * Level 5.3 Transmutations


You had 4 spell levels left.
You knew the following spells:

 Your Spells              Type           Power      Damage    Failure   Level
a - Beastly Appendage     Tmut           42%        N/A       1%          1
b - Wereblood             Tmut           21%        N/A       3%          2
c - Spider Form           Tmut/Pois      11%        N/A       19%         3

Your spell library contained the following spells:

 Spells                   Type           Power      Damage    Failure   Level
 Ice Form                 Ice/Tmut       11%        N/A       52%         4


Dungeon Overview and Level Annotations

Branches:
Dungeon (4/15)            Ossuary (1/1)
 Temple: D:4-7

Altars:

Shops:
D:1 ?


Innate Abilities, Weirdness & Mutations

One of your tentacles has grown a beastly spike.
You cannot wear most types of armour.
You are amphibious.
You can wear up to eight rings at the same time.
Your skin changes colour to match your surroundings (Stealth+).
Your rubbery body absorbs attacks. (AC +1, EV +1)
((You are camouflaged when in or above water. (Stealth+)))
You have tentacles for arms and can constrict up to eight enemies at once.


Message History

You destroy the goblin zombie!
You howl as the wereblood boils in your veins!
You tentacle-slap the goblin zombie. You grab the goblin zombie.
You pierce the goblin zombie.
The goblin zombie is almost destroyed.
You constrict the goblin zombie.
You feel a bit better.
You destroy the goblin zombie!
You tentacle-slap the quokka zombie. You grab the quokka zombie.
You pierce the quokka zombie.
You feel a bit better.
You destroy the quokka zombie!
You tentacle-slap the gnoll zombie. You grab the gnoll zombie.
You pierce the gnoll zombie.
The gnoll zombie is severely damaged.
Your tentacle spike disappears.
You constrict the gnoll zombie. The gnoll zombie closely misses you.
Casting: Beastly Appendage (safe; 1% risk of failure)
Press: ? - help, Q - select action, (/) - cycle Dir - look around, f - activate One of your tentacles grows a vicious spike.
You constrict the gnoll zombie. You bludgeon the gnoll zombie!
You feel a bit better.
You destroy the gnoll zombie!
You bludgeon the human zombie! Your grab misses the human zombie.
You pierce the human zombie.
The human zombie is moderately damaged.
The human zombie hits you!
* * * LOW HITPOINT WARNING * * *
You tentacle-slap the human zombie. You grab the human zombie.
You pierce the human zombie.
The human zombie is moderately damaged.
You constrict the human zombie. The human zombie hits you.
* * * LOW HITPOINT WARNING * * *
You bludgeon the human zombie!
You squeeze the human zombie, but do no damage.
The human zombie is severely damaged.
Your primal bloodlust is almost over.
You constrict the human zombie. You tentacle-slap the human zombie.
You squeeze the human zombie!
The human zombie is almost destroyed.
You constrict the human zombie. The human zombie hits you.
You die...

#..# #..####..#..#
#..#+#.#+#..#..#..#.∩#
#..#.....#..#..#..#..#
#..##...##..##.#.##..#
#...#...#....#'#.#...#
#...#...#....#...#...#
#...##.##....##∩##...#
#....#Z#......###....#
#.....@..............#
#....................#
######################


You could see a human zombie.

Vanquished Creatures
  3 elf zombies (Ossuary)
  A centaur zombie (Ossuary)
  A human zombie (Ossuary)
  A hound (D:3)
  Jessica (D:2)
  2 hound zombies (Ossuary)
  A mummy (Ossuary)
  4 gnolls (D:3)
  3 adders
  3 adder zombies (Ossuary)
  2 worms (D:2)
  3 dart slugs
  An orc (D:3)
  3 bats
  7 endoplasms
  4 giant cockroaches
  2 gnoll zombies (Ossuary)
  3 goblins
  7 hobgoblins
  12 jackals (D:3)
  3 kobolds
  2 quokkas
  6 ball pythons
  5 frilled lizards
  5 goblin zombies (Ossuary)
  A hobgoblin zombie (Ossuary)
  3 jackal zombies (Ossuary)
  3 kobold zombies (Ossuary)
  An orc zombie (Ossuary)
  3 quokka zombies (Ossuary)
  4 rats
  3 rat zombies (Ossuary)
103 creatures vanquished.

Notes
Turn   | Place    | Note
-------+----------+-------------------------------------------
     0 | D:1      | buhh the Octopode Transmuter began the quest for the Orb.
     0 | D:1      | Reached XP level 1. HP: 13/13 MP: 3/3
   489 | D:1      | Reached XP level 2. HP: 14/18 MP: 3/5
   910 | D:1      | Found Quditt Huze's Magic Scroll Shop.
   913 | D:1      | Bought a scroll of identify for 24 gold pieces
  1041 | D:2      | Noticed Jessica
  1044 | D:2      | Killed Jessica
  1045 | D:2      | Reached XP level 3. HP: 24/24 MP: 4/6
  1100 | D:2      | Reached skill level 4 in Unarmed Combat
  1209 | D:2      | Reached XP level 4. HP: 29/29 MP: 5/7
  1671 | D:2      | Learned a level 2 spell: Wereblood
  2215 | D:3      | Found a faded altar of an unknown god.
  2326 | D:3      | Reached skill level 5 in Unarmed Combat
  2326 | D:3      | Reached XP level 5. HP: 32/34 MP: 8/8
  3409 | D:3      | Reached skill level 6 in Unarmed Combat
  3587 | D:4      | Found a sand-covered staircase.
  3592 | Ossuary  | Entered an ossuary
  3615 | Ossuary  | Reached XP level 6. HP: 32/39 MP: 9/9
  3917 | Ossuary  | Reached XP level 7. HP: 21/45 MP: 8/10
  4157 | Ossuary  | Learned a level 3 spell: Spider Form
  4269 | Ossuary  | Slain by a human zombie

Illustrated notes

Levels and vault maps discovered:
D:1:      eino_arrival_druids_welcome, layout_basic, serial_curves,
          eino_curves_04, eino_curves_02, serial_shops,
          nicolae_shop_behind_doors
D:2:      layout_loops_ring, uniq_jessica, uniq_natasha
D:3:      layout_basic, shapermc_ecumenical_altar_starsandcircs,
          chequers_serial_rivers_small_3
D:4:      layout_basic, gammafunk_temple_overflow_forgotten,
          nicolae_ossuary_entry_false_entrances, nicolae_shop_dragon_depot,
          amcnicky_mini_corridor_feature, uniq_eustachio
Ossuary:  minmay_ossuary_two_tombs

Skill      XL: |  1  2  3  4  5  6  7 |
---------------+----------------------+-----
Stealth        | 1 |  1.0
Fighting       | 2 |  2.0
Unarmed Combat | 4 5 6 |  6.0
Transmutations | 3 4 5 |  5.3
Dodging        | |  2.0
Spellcasting   | |  2.0

Action                   |  1- 3 |  4- 6 |  7- 9 || total
-------------------------+-------+-------+-------++-------
Melee: Unarmed           |    44 |   175 |    33 ||   252
       Tentacles         |     7 |    47 |     4 ||    58
       Constrict         |    11 |    50 |     7 ||    68
       Kick              |     7 |    68 |     9 ||    84
       Punch             |     4 |     9 |     1 ||    14
 Cast: Beastly Appendage |    12 |    42 |     4 ||    58
       Wereblood         |       |     3 |     1 ||     4
       Spider Form       |       |       |     1 ||     1
  Use: Scroll            |     2 |     2 |       ||     4
       Potion            |       |     1 |       ||     1
 Stab: Sleeping          |     4 |    10 |       ||    14
       Distracted        |     1 |       |       ||     1
Armor: Skin              |     5 |    11 |       ||    16
Dodge: Dodged            |    18 |    94 |     7 ||   119
